nht, neutral male scurrid Tourist ---------------------------------- |...(............................| --------- |..------+-------------- ----- | |......... -).|....| |...|....| $(( | [|%.| ... |...|...(| (( |.%---|----|...||------- (( ! |[......|..|...|.|..|m!| |..----.|..|-|--.|.(|%@| [ |..|..-.-|--..{..-|-|.@| |..|..|.............-|-- + |.%|----|--.----|--......| $ |.....|...|.+) |..|-|----- |..|..|((.|.| |%%|... |..|..|(((|.- |.(|....| |..-+------. --------- |.. . ) ---- --- nht the Sightseer Experience level: 5 Strength: 12 Dexterity: 11 Constitution: 14 Intelligence: 13 Wisdom: 12 Charisma: 17 Health: 0(34) Energy: 26(26) Def: 0 Gold: 441 Moves: 456 Dungeon seed: hPtPELKJwJYqE0Iv Game ID: nht_1514983248 Your Inventory: Coins $ - 441 gold pieces Weapons a - 40 uncursed +2 darts (in quiver) L - 8 cursed -6 darts M - 18 cursed -3 darts O - 7 blessed +2 darts P - 17 cursed -1 darts Q - 11 cursed -4 darts S - 19 blessed +1 darts T - 94 uncursed +0 darts U - 10 blessed +0 darts V - 28 cursed -2 darts W - 7 uncursed poisoned +3 darts Armor e - an uncursed +0 Hawaiian shirt (being worn) q - an uncursed +0 dwarvish iron helm z - a blessed +2 dwarvish cloak N - an uncursed +0 pair of iron shoes Comestibles c - 3 uncursed fortune cookies d - an uncursed lembas wafer p - an uncursed tin of spinach K - 5 uncursed food rations X - 2 uncursed chestnuts Z - 2 uncursed pancakes Scrolls b - an uncursed scroll of identify g - an uncursed scroll of destroy armor j - 2 uncursed scrolls of magic mapping l - an uncursed scroll of consecration D - a cursed scroll of enchant weapon Spellbooks o - a cursed spellbook of identify y - an uncursed spellbook of cure blindness Potions h - 3 uncursed potions of extra healing r - an uncursed potion of paralysis s - a cursed potion of gain ability u - an uncursed potion of sleeping B - 2 uncursed potions of sickness E - an uncursed potion of see invisible G - an uncursed potion of invisibility Wands m - an uncursed wand of secret door detection (0:11) t - an uncursed wand of digging (0:8) w - an uncursed wand of cancellation (0:8) x - an uncursed wand of secret door detection (0:11) Tools f - an uncursed leather drum i - an uncursed oil lamp (0:1218) k - an uncursed expensive camera (0:31) n - an uncursed oil lamp (0:1040) v - an uncursed credit card C - an uncursed figurine of a grid bug J - an uncursed bag of tricks (0:9) R - 5 uncursed tallow candles (0:200) Gems A - an uncursed worthless piece of yellowish brown glass Y - 2 uncursed worthless pieces of red glass Spells and supernatural/magical abilities: Name Level Category Fail Memory W - pray for help -- divine ? -- Your skills at the end: Miscellaneous Skills wands [Basic] stealth [Skilled] Weapon Skills dart [Skilled] Spellcasting Skills Final Attributes: You were devoutly aligned. You had infravision. You were very stealthy. You were held by a giant mimic. You were lucky. You are dead. Vanquished creatures: a dwarf lord a bugbear 3 wood nymphs a gnome lord a puppy 3 dwarves a homunculus 2 hill orcs 5 monkeys an acid blob 2 geckos a green mold 6 gnomes 2 jackals 2 newts 3 grid bugs a lichen 36 creatures vanquished. Voluntary challenges: You did not adorn yourself with jewelry or accessories. You did not cause conflict. You were not invisible. You did not have reflection. You were not displaced. You were an atheist. You never hit with a wielded weapon. You did not apply a unicorn horn. You did not use plumbed fixtures. You read items or engraved 2 times, starting on turn 19. You never genocided any monsters. You never polymorphed an object. You never changed form. You used no wishes. You never split a pudding. You never wrote Elbereth's name. You violated your moral code, losing 1 point of alignment, starting on turn 376. Dungeon overview: The Dungeons of Doom: levels 1 to 4 Level 1 a long staircase Level 2 some fountains, a sink Level 3 stairs to The Gnomish Mines Level 4 The Gnomish Mines: levels 4 to 7 Level 4 stairs to The Dungeons of Doom Level 5 Level 6 Level 7 <- You were here some shops, a magic chest, a fountain History has recorded: On T:1 you entered the Dungeons of Doom to retrieve the Amulet of Yendor! On T:17 you reached level 2 of The Dungeons of Doom. On T:40 you reached level 3 of The Dungeons of Doom. On T:81 you reached level 4 of The Dungeons of Doom. On T:130 you reached level 1 of The Gnomish Mines. On T:134 you advanced to experience level 2. On T:144 you reached level 2 of The Gnomish Mines. On T:145 you advanced to experience level 3. On T:210 you advanced to experience level 4. On T:254 you reached level 3 of The Gnomish Mines. On T:309 you reached level 4 of The Gnomish Mines. On T:312 you advanced to experience level 5. On T:444 you opened a magic chest. Score breakdown: Gold: 6 ( 0 points) Experience: 5 levels ( 400 points) Exploration: 7 levels ( 180 points) Discoveries: 6 items ( 300 points) Variety of kills: 17 monsters ( 850 points) Major goal: (nothing yet) ( 0 points) Survival: died (score multiplied by 3) Total score: 5190 Latest messages: You have a little trouble removing V - 28 darts. You have a little trouble removing W - 7 poisoned darts. You have a little trouble removing X - 2 chestnuts. You have a little trouble removing Z - 2 pancakes. You have a little trouble removing b - a scroll labeled EDEVESH HANAGASH. You have a little trouble removing g - a scroll labeled VE FORBRYDERNE. You have a little trouble removing l - a scroll labeled VENZAR BORGAVVE. You have a little trouble removing o - a gray spellbook. You have a little trouble removing s - a cyan potion. You have a little trouble removing B - an orange potion. You have a little trouble removing h - an uncursed potion of extra healing. You have a little trouble removing t - an oak wand. You have a little trouble removing w - a spiked wand. You have a little trouble removing x - a wand of secret door detection. You have a little trouble removing Y - 2 red gems. You have a little trouble removing A - a yellowish brown gem. Your movements are slowed slightly because of your load. The door opens. "Aloha, nht! Welcome to Trenggalek's delicatessen!" You hear a door open. Trenggalek talks about the problem of shoplifters. You see here a lembas wafer (45 zorkmids). Wait! That's a giant mimic! The giant mimic claws you! (2x) You die... Trenggalek gratefully inherits all your possessions. Final status: Aloha nht the Tourist, killed by a giant mimic... You died in The Gnomish Mines on dungeon level 7 with 5190 points, and 441 pieces of gold, after 456 moves. You were level 5 with a maximum of 34 hit points when you died.